3L
THUNDER BAY NORTHERN LIONS BC @ HARTFORD WHALERS
06/06/2019
 
TOP OF THE 1ST
Thunder Bay Northern Lions BC batting - Pitching for Hartford Whalers : RHP Guillermo Pérez
Pitching: RHP Guillermo Pérez
Batting: RHB Duncan Thomas 0-0: Ground out 4-3 (Groundball, 34)
Batting: RHB Bill McCarty 0-0: Ball
1-0: Called Strike
1-1: Ground out 6-3 (Groundball, 6)
Batting: LHB David Smith 0-0: Foul Ball, location: 2F
0-1: Swinging Strike
0-2: Ball
1-2: Strikes out swinging
Top of the 1st over - 0 run(s), 0 hit(s), 0 error(s), 0 left on base; Thunder Bay 0 - Hartford 0
BOTTOM OF THE 1ST
Hartford Whalers batting - Pitching for Thunder Bay Northern Lions BC : RHP Darryl Gordon
Pitching: RHP Darryl Gordon
Batting: RHB Roberto Ramírez 0-0: Called Strike
0-1: Ball
1-1: Ball
2-1: Swinging Strike
2-2: Ball
3-2: Strikes out swinging
Batting: LHB Bill Burgess 0-0: Called Strike
0-1: Fly out, F7 (Popup, 7LS)
Batting: LHB Norm Ortega 0-0: Called Strike
0-1: Ground out 6-3 (Groundball, 6MS)
Bottom of the 1st over - 0 run(s), 0 hit(s), 0 error(s), 0 left on base; Thunder Bay 0 - Hartford 0
TOP OF THE 2ND
Thunder Bay Northern Lions BC batting - Pitching for Hartford Whalers : RHP Guillermo Pérez
Batting: RHB Dong-joon Ch'oe 0-0: Ball
1-0: Ball
2-0: Called Strike
2-1: DOUBLE (Line Drive, 5L)
Batting: LHB Keith Bridges 0-0: Ball
1-0: Ball
2-0: Ball
3-0: Base on Balls
Batting: RHB Ramiro Rico 0-0: Called Strike
0-1: Ball
1-1: Grounds into double play, 4-6-3 (Groundball, 4)
Dong-joon Ch'oe to third
Batting: RHB Steve Brandon 0-0: Called Strike
0-1: Ball
1-1: Ball
2-1: Foul Ball, location: 2F
2-2: SINGLE (Line Drive, 6MD)
Dong-joon Ch'oe scores
Batting: RHB Darryl Gordon 0-0: Swinging Strike
0-1: Ball
1-1: Ball
2-1: Ball
3-1: Ground out U3 (Groundball, 3L)
Top of the 2nd over - 1 run(s), 2 hit(s), 0 error(s), 1 left on base; Thunder Bay 1 - Hartford 0
BOTTOM OF THE 2ND
Hartford Whalers batting - Pitching for Thunder Bay Northern Lions BC : RHP Darryl Gordon
Batting: RHB Mike Brown 0-0: Ball
1-0: Ball
2-0: Called Strike
2-1: Foul Ball, location: 2F
2-2: Ball
3-2: Foul Ball, location: 2F
3-2: Strikes out looking
Batting: LHB Leonardo López 0-0: Ball
1-0: Foul Ball, location: 2F
1-1: Ground out 3-1 (Groundball, 34)
Batting: RHB Félix Rodríguez 0-0: DOUBLE (Line Drive, 8RD)
Batting: LHB César Durán 0-0: Fly out, F4 (Popup, 34)
Bottom of the 2nd over - 0 run(s), 1 hit(s), 0 error(s), 1 left on base; Thunder Bay 1 - Hartford 0
TOP OF THE 3RD
Thunder Bay Northern Lions BC batting - Pitching for Hartford Whalers : RHP Guillermo Pérez
Batting: LHB Arnold Cook 0-0: Ball
1-0: Ball
2-0: Called Strike
2-1: SINGLE (Line Drive, 9LS)
Batting: RHB Duncan Thomas 0-0: Ball
1-0: Ball
2-0: Foul Ball, location: 2F
2-1: SINGLE (Line Drive, 3)
Arnold Cook to second
Batting: RHB Bill McCarty 0-0: Ball
1-0: Foul Ball, location: 2F
1-1: Ball
2-1: Ball
3-1: Fielders Choice at 2nd, 1-6 (Groundball, 15)
Arnold Cook to third
Batting: LHB David Smith 0-0: Ball
1-0: SINGLE (Groundball, 56D)
Arnold Cook scores
Bill McCarty to second
Batting: RHB Dong-joon Ch'oe 0-0: Called Strike
0-1: SINGLE (Flyball, 9S)
Bill McCarty to third
David Smith to second
Throwing error, E9
Bill McCarty scores
David Smith to third
Dong-joon Ch'oe to second
Batting: LHB Keith Bridges 0-0: Called Strike
0-1: Swinging Strike
0-2: Ball
1-2: Ball
2-2: Ball
3-2: Base on Balls
Batting: RHB Ramiro Rico 0-0: Ball
1-0: Ball
2-0: Foul Ball, location: 2F
2-1: Ground out 5-3 (Groundball, 56S)
David Smith scores
Dong-joon Ch'oe to third
Keith Bridges to second
Batting: RHB Steve Brandon 0-0: Intentional Walk
Batting: RHB Darryl Gordon 0-0: Called Strike
0-1: Foul Ball, location: 2F
0-2: Strikes out looking
Top of the 3rd over - 3 run(s), 4 hit(s), 1 error(s), 3 left on base; Thunder Bay 4 - Hartford 0
BOTTOM OF THE 3RD
Hartford Whalers batting - Pitching for Thunder Bay Northern Lions BC : RHP Darryl Gordon
Batting: LHB Frank Parks 0-0: Ball
1-0: Ground out 6-3 (Groundball, 6M)
Pinch Hitting: RHB Michael Collins 0-0: Foul Ball, location: 2F
0-1: Fly out, F6 (Line Drive, 6M)
Batting: RHB Roberto Ramírez 0-0: Called Strike
0-1: Ball
1-1: SINGLE (Groundball, 15S) (infield hit)
Batting: LHB Bill Burgess 0-0: Called Strike
0-1: Called Strike
0-2: Foul Ball, location: 2F
0-2: Ball
1-2: Fly out, F7 (Flyball, 7D)
Bottom of the 3rd over - 0 run(s), 1 hit(s), 0 error(s), 1 left on base; Thunder Bay 4 - Hartford 0
TOP OF THE 4TH
Thunder Bay Northern Lions BC batting - Pitching for Hartford Whalers : RHP Guillermo Pérez
Pitching: LHP Jesús Cantú
Batting: LHB Arnold Cook 0-0: Called Strike
0-1: Ball
1-1: Foul Ball, location: 2F
1-2: Strikes out swinging
Batting: RHB Duncan Thomas 0-0: Swinging Strike
0-1: Ball
1-1: Called Strike
1-2: Foul Ball, location: 2F
1-2: Strikes out swinging
Batting: RHB Bill McCarty 0-0: Swinging Strike
0-1: Ball
1-1: Ball
2-1: Foul Ball, location: 2F
2-2: Strikes out swinging
Top of the 4th over - 0 run(s), 0 hit(s), 0 error(s), 0 left on base; Thunder Bay 4 - Hartford 0
BOTTOM OF THE 4TH
Hartford Whalers batting - Pitching for Thunder Bay Northern Lions BC : RHP Darryl Gordon
Batting: LHB Norm Ortega 0-0: SINGLE (Line Drive, 4MD)
Batting: RHB Mike Brown 0-0: Ball
1-0: Foul Ball, location: 2F
1-1: Ball
2-1: Ball
3-1: Base on Balls
Norm Ortega to second
Batting: LHB Leonardo López 0-0: Foul Ball, location: 2F
0-1: Called Strike
0-2: Hit by Pitch
Norm Ortega to third
Mike Brown to second
Batting: RHB Félix Rodríguez 0-0: Foul Ball, location: 2F
0-1: Called Strike
0-2: Ball
1-2: Fly out, F8 (Line Drive, 89D)
Runner from 3rd tags up, SCORES, no throw
Mike Brown to third
Batting: LHB César Durán 0-0: Called Strike
0-1: Fly out, F8 (Flyball, 8LD)
Runner from 3rd tags up, SCORES, no throw
Batting: LHB Frank Parks 0-0: Ball
1-0: Swinging Strike
1-1: Fielders Choice at 2nd, U4 (Groundball, 4M)
Bottom of the 4th over - 2 run(s), 1 hit(s), 0 error(s), 1 left on base; Thunder Bay 4 - Hartford 2
TOP OF THE 5TH
Thunder Bay Northern Lions BC batting - Pitching for Hartford Whalers : LHP Jesús Cantú
Batting: LHB David Smith 0-0: Ball
1-0: Ball
2-0: Called Strike
2-1: Called Strike
2-2: Ball
3-2: Base on Balls
Batting: RHB Dong-joon Ch'oe 0-0: Called Strike
0-1: Foul Ball, location: 2F
0-2: Strikes out swinging
Batting: LHB Keith Bridges 0-0: Called Strike
0-1: Ball
1-1: Fly out, F7 (Popup, 7S)
Batting: RHB Ramiro Rico 0-0: Ball
1-0: Ball
2-0: Ball
3-0: Foul Ball, location: 2F
3-1: Foul Ball, location: 2F
3-2: Foul Ball, location: 2F
3-2: Ground out 6-3 (Groundball, 6M)
Top of the 5th over - 0 run(s), 0 hit(s), 0 error(s), 1 left on base; Thunder Bay 4 - Hartford 2
BOTTOM OF THE 5TH
Hartford Whalers batting - Pitching for Thunder Bay Northern Lions BC : RHP Darryl Gordon
Batting: LHB Jesús Cantú 0-0: Called Strike
0-1: Called Strike
0-2: Strikes out swinging
Batting: RHB Roberto Ramírez 0-0: Ball
1-0: Called Strike
1-1: SINGLE (Groundball, 56D)
Batting: LHB Bill Burgess 0-0: Called Strike
0-1: SINGLE (Groundball, 4MD)
Roberto Ramírez to second
Roberto Ramírez to third
Batting: LHB Norm Ortega 0-0: Called Strike
0-1: SINGLE (Line Drive, 89M)
Roberto Ramírez scores
Bill Burgess to second
Batting: RHB Mike Brown 0-0: Ball
1-0: Called Strike
1-1: Ball
2-1: Foul Ball, location: 2F
2-2: SINGLE (Groundball, 34S)
Bill Burgess to third
Norm Ortega to second
Runner from 3rd tries for Home, SAFE, no throw or cutoff
Batting: LHB Leonardo López 0-0: Ball
1-0: Ball
2-0: 3-RUN HOME RUN (Flyball, 9LD), Distance : 337 ft
Pitching: LHP Jesús Gonzáles
Batting: RHB Félix Rodríguez 0-0: Ball
1-0: Ground out 5-3 (Groundball, 5)
Batting: LHB César Durán 0-0: Ball
1-0: Foul Ball, location: 2F
1-1: Ball
2-1: Foul Ball, location: 2F
2-2: Ball
3-2: Base on Balls
Batting: LHB Frank Parks 0-0: Ball
1-0: Called Strike
1-1: Ball
2-1: Called Strike
2-2: Strikes out swinging
Bottom of the 5th over - 5 run(s), 5 hit(s), 0 error(s), 1 left on base; Thunder Bay 4 - Hartford 7
TOP OF THE 6TH
Thunder Bay Northern Lions BC batting - Pitching for Hartford Whalers : LHP Jesús Cantú
Batting: RHB Steve Brandon 0-0: Ball
1-0: Foul Ball, location: 2F
1-1: Swinging Strike
1-2: Foul Ball, location: 2F
1-2: Foul Ball, location: 2F
1-2: Ball
2-2: Strikes out looking
Pinch Hitting: RHB Dale Carney 0-0: Foul Ball, location: 2F
0-1: Ground out 5-3 (Groundball, 5)
Batting: LHB Arnold Cook 0-0: Called Strike
0-1: Swinging Strike
0-2: Strikes out swinging
Top of the 6th over - 0 run(s), 0 hit(s), 0 error(s), 0 left on base; Thunder Bay 4 - Hartford 7
BOTTOM OF THE 6TH
Hartford Whalers batting - Pitching for Thunder Bay Northern Lions BC : LHP Jesús Gonzáles
Pitching: LHP Lester Gross
Pinch Hitting: RHB Akahele Kimokeo 0-0: Foul Ball, location: 2F
0-1: Foul Ball, location: 2F
0-2: Hit by Pitch
Batting: RHB Roberto Ramírez 0-0: Ball
1-0: Ball
Wild Pitch!
Akahele Kimokeo to second
2-0: Called Strike
2-1: Ball
3-1: Ground out 3-1 (Groundball, 34S)
Akahele Kimokeo to third
Batting: LHB Bill Burgess 0-0: Intentional Walk
Batting: LHB Norm Ortega 0-0: Ball
1-0: Called Strike
1-1: Called Strike
1-2: SINGLE (Groundball, 34D)
Akahele Kimokeo scores
Bill Burgess to second
Runner from 2nd tries for 3rd, SAFE, throw made to third
Norm Ortega to second
Batting: RHB Mike Brown 0-0: Intentional Walk
Batting: LHB Leonardo López 0-0: Swinging Strike
0-1: GRAND SLAM HOME RUN (Line Drive, 89XD), Distance : 406 ft
Pitching: RHP Jason Mosley
Batting: RHB Félix Rodríguez 0-0: Ball
1-0: Ball
2-0: Ball
3-0: Base on Balls
Batting: LHB César Durán 0-0: Called Strike
0-1: Ball
1-1: Fly out, F7 (Flyball, 7LMF)
Batting: LHB Frank Parks 0-0: Ball
1-0: Ball
2-0: Ball
3-0: Called Strike
3-1: Base on Balls
Félix Rodríguez to second
Batting: RHB Akahele Kimokeo 0-0: Ball
1-0: Ball
2-0: Foul Ball, location: 2F
2-1: Ball
3-1: Base on Balls
Félix Rodríguez to third
Frank Parks to second
Batting: RHB Roberto Ramírez 0-0: Ball
1-0: Ball
2-0: Foul Ball, location: 2F
2-1: SINGLE (Line Drive, 8LS)
Félix Rodríguez scores
Frank Parks to third
Akahele Kimokeo to second
Runner from 3rd tries for Home, SAFE, no throw or cutoff
Pitching: RHP Roderick Draper
Batting: LHB Bill Burgess 0-0: Ball
1-0: Foul Ball, location: 2F
1-1: SINGLE (Groundball, 4MD)
Akahele Kimokeo to third
Roberto Ramírez to second
Runner from 3rd tries for Home, SAFE, no throw or cutoff
Batting: LHB Norm Ortega 0-0: Swinging Strike
0-1: Swinging Strike
0-2: Foul Ball, location: 2F
0-2: Ball
1-2: Foul Ball, location: 2F
1-2: Ball
2-2: Fly out, F3 (Popup, 34S)
Bottom of the 6th over - 8 run(s), 4 hit(s), 0 error(s), 2 left on base; Thunder Bay 4 - Hartford 15
TOP OF THE 7TH
Thunder Bay Northern Lions BC batting - Pitching for Hartford Whalers : LHP Jesús Cantú
Pitching: RHP Juan Hernández
Now at C: Julian Anthony
Batting: RHB Duncan Thomas 0-0: Ball
1-0: Foul Ball, location: 2F
1-1: Foul Ball, location: 2F
1-2: SINGLE (Flyball, 7LM)
Batting: RHB Bill McCarty 0-0: Called Strike
0-1: Grounds into double play, 4-6-3 (Groundball, 4)
Batting: LHB David Smith 0-0: Called Strike
0-1: Called Strike
0-2: Ball
1-2: Ball
2-2: Foul Ball, location: 2F
2-2: SINGLE (Flyball, 78S)
Batting: RHB Dong-joon Ch'oe 0-0: Called Strike
0-1: Called Strike
0-2: Strikes out swinging
Top of the 7th over - 0 run(s), 2 hit(s), 0 error(s), 1 left on base; Thunder Bay 4 - Hartford 15
BOTTOM OF THE 7TH
Hartford Whalers batting - Pitching for Thunder Bay Northern Lions BC : RHP Roderick Draper
Batting: RHB Mike Brown 0-0: Called Strike
0-1: Ball
1-1: Swinging Strike
1-2: Foul Ball, location: 2F
1-2: Hit by Pitch
Batting: LHB Leonardo López 0-0: Ball
1-0: Ball
Mike Brown steals 2nd base
2-0: Ball
3-0: Called Strike
3-1: Base on Balls
Batting: RHB Félix Rodríguez 0-0: Called Strike
0-1: Swinging Strike
0-2: Ball
1-2: Foul Ball, location: 2F
1-2: Ball
2-2: Strikes out swinging
Batting: LHB César Durán 0-0: Foul Ball, location: 2F
0-1: Swinging Strike
0-2: Foul Ball, location: 2F
0-2: Ball
1-2: Foul Ball, location: 2F
1-2: Foul Ball, location: 2F
1-2: Ball
2-2: Foul Ball, location: 2F
2-2: Foul Ball, location: 2F
2-2: 3-RUN HOME RUN (Flyball, 78D), Distance : 412 ft
Pitching: LHP Austin Brown
Batting: LHB Frank Parks 0-0: Ball
1-0: Hit by Pitch
Pinch Hitting: RHB Dave O'Day Pickoff Throw to First - Out!
0-0: Ball
1-0: Called Strike
1-1: Ball
2-1: Ground out 1-3 (Groundball, 15S)
Bottom of the 7th over - 3 run(s), 1 hit(s), 0 error(s), 0 left on base; Thunder Bay 4 - Hartford 18
TOP OF THE 8TH
Thunder Bay Northern Lions BC batting - Pitching for Hartford Whalers : RHP Juan Hernández
Pitching: RHP Esteban Arroyo
Batting: LHB Keith Bridges 0-0: Called Strike
0-1: Swinging Strike
0-2: Ball
1-2: Strikes out swinging
Batting: RHB Ramiro Rico 0-0: Called Strike
0-1: Foul Ball, location: 2F
0-2: Foul Ball, location: 2F
0-2: Strikes out looking
Batting: RHB Steve Brandon 0-0: SINGLE (Groundball, 6MD)
Pinch Hitting: RHB Jacob Holt 0-0: Fielders Choice at 2nd, 6-4 (Groundball, 6)
Top of the 8th over - 0 run(s), 1 hit(s), 0 error(s), 0 left on base; Thunder Bay 4 - Hartford 18
BOTTOM OF THE 8TH
Hartford Whalers batting - Pitching for Thunder Bay Northern Lions BC : LHP Austin Brown
Pitching: RHP Sammy Miller
Batting: SHB Julian Anthony 0-0: Called Strike
0-1: Fly out, F8 (Flyball, 8LS)
Batting: LHB Bill Burgess 0-0: Called Strike
0-1: Swinging Strike
0-2: Ground out 1-3 (Groundball, 15S)
Batting: LHB Norm Ortega 0-0: Ball
1-0: Ball
2-0: Called Strike
2-1: Foul Ball, location: 2F
2-2: DOUBLE (Line Drive, 78XD)
Batting: RHB Mike Brown 0-0: Ball
1-0: Fly out, F7 (Flyball, 7M)
Bottom of the 8th over - 0 run(s), 1 hit(s), 0 error(s), 1 left on base; Thunder Bay 4 - Hartford 18
TOP OF THE 9TH
Thunder Bay Northern Lions BC batting - Pitching for Hartford Whalers : RHP Esteban Arroyo
Batting: LHB Arnold Cook 0-0: Ball
1-0: Bunted foul
1-1: Foul Ball, location: 2F
1-2: Foul Ball, location: 2F
1-2: Ball
2-2: Fly out, F8 (Line Drive, 8LS)
Pinch Hitting: RHB Keith Burnett 0-0: Called Strike
0-1: Ball
1-1: Foul Ball, location: 2F
1-2: Fly out, F8 (Flyball, 8LD)
Batting: RHB Bill McCarty 0-0: Ball
1-0: Called Strike
1-1: Ball
2-1: Swinging Strike
2-2: Ball
3-2: Strikes out looking
Top of the 9th over - 0 run(s), 0 hit(s), 0 error(s), 0 left on base; Thunder Bay 4 - Hartford 18
This league is powered by Out of the Park Baseball, the baseball management simulation game for PC, Mac and Linux
Saturday, July 25th, 2015 - OOTP Baseball 15.6 Build 34